 Dungeon Crawl Stone Soup version 0.28.0-53-g5a82cb258f (webtiles) character file.

Game seed: 3636898783774111472

81 LynnLen the Sneak (level 4, -4/30 HPs)
             Began as a Vampire Enchanter on Aug 2, 2022.
             Was an Initiate of Yredelemnul.
             Slain by a gnoll
             ... wielding a +0 club
              (7 damage)
             ... on level 3 of the Dungeon.
             The game lasted 00:08:23 (2141 turns).

LynnLen the Sneak (Vampire Enchanter)               Turns: 2141, Time: 00:08:24

Health: -4/30      AC:  4    Str:  7    XL:     4   Next: 20%
Magic:  4/7        EV: 12    Int: 17    God:    Yredelemnul [......]
Gold:   122        SH:  0    Dex: 16    Spells: 1/7 levels left

rFire   . . .      SeeInvis +   a - +1 dagger
rCold   . . .      Faith    .   (no shield)
rNeg    . . .      Spirit   .   e - +0 leather armour
rPois   .          Reflect  .   c - +0 helmet
rElec   .          Harm     .   (no cloak)
rCorr   .          Rampage  .   (no gloves)
Will    .....                   (no boots)
Stlth   +++.......              (no amulet)
HPRegen 0.30/turn               (no ring)
MPRegen 0.10/turn               (no ring)

@: healing quickly
A: alive, fangs 3, see invisible, vampiric 2
a: Exsanguinate, Renounce Religion, Recall Undead Harvest


You were on level 3 of the Dungeon.
You worshipped Yredelemnul.
Yredelemnul was noncommittal.
You visited 1 branch of the dungeon, and saw 3 of its levels.

You collected 122 gold pieces.

Inventory:

Hand Weapons
 a - a +1 dagger (weapon)
Armour
 c - a +0 helmet (worn)
 e - a +0 leather armour (worn)
Wands
 d - a wand of flame (26)
Scrolls
 b - 2 scrolls of enchant weapon {unknown}
 g - a scroll of magic mapping
 h - 2 scrolls of vulnerability {unknown}
 i - a scroll of identify
Potions
 f - a potion of mutation


   Skills:
 * Level 2.6 Short Blades
 * Level 3.6 Dodging
 + Level 5.4 Stealth
 - Level 2.0 Spellcasting
 - Level 4.4 Hexes


You had one spell level left.
You knew the following spells:

 Your Spells              Type           Power      Damage    Failure   Level
a - Confusing Touch       Hex            16%        N/A       14%         3
b - Tukima's Dance        Hex            16%        N/A       14%         3

Your spell library contained the following spells:

 Spells                   Type           Power      Damage    Failure   Level
 Ensorcelled Hibernation  Hex/Ice        18%        N/A       19%         2
 Dazzling Flash           Conj/Hex       18%        N/A       34%         3
 Conjure Flame            Conj/Fire      1%         6-21      65%         3
 Ignite Poison            Fire/Tmut/Pois 1%         N/A       65%         3
 Sticky Flame             Conj/Fire      1%         2d3       96%         4


Dungeon Overview and Level Annotations

Branches:
Dungeon (3/15)

Altars:
Wu Jian
Yredelemnul


Innate Abilities, Weirdness & Mutations

Your natural rate of healing is accelerated.
You have razor-sharp teeth.
You have supernaturally acute eyesight. (SInv)
You are afflicted with vampirism and can become a bat while bloodless.


Message History

You open the door.
There is an open door here.
You open the door.
There is an open door here.
Found a stone staircase leading down.
An adder comes into view.
The helpless adder fails to defend itself.
You impale the adder!!
You kill the adder!
A black mist starts to gather...
There is a stone staircase leading down here.
There is an open door here.
There is an open door here.
There is an open door here.
The gnoll shouts!
You hear a shout! x2
A gnoll comes into view. It is wielding a +0 halberd.
The gnoll shouts!
Casting: Confusing Touch (quite dangerous; 14% risk of failure)
Confirm with . or Enter, or press ? or * to list all spells.
The spell is quite dangerous to miscast (14% risk of failure)!
Continue anyway?
Your hands begin to glow red.
The gnoll hits you with a +0 club.
You barely miss the gnoll.
A hobgoblin comes into view.
The gnoll closely misses you. The gnoll barely misses you.
You hit the gnoll but do no damage.
The gnoll hits you from afar with a +0 halberd.
The gnoll hits you with a +0 club.
You hit the gnoll but do no damage.
The gnoll appears confused.
The gnoll hits you from afar with a +0 halberd! 2 gnolls come into view.
The gnoll shouts! x2
The gnoll closely misses you. The gnoll misses you.
The gnoll hits you with a +0 halberd.
* * * LOW HITPOINT WARNING * * *
There is an open door here.
The gnoll hits you from afar with a +0 spear.
* * * LOW HITPOINT WARNING * * *
The gnoll hits you with a +0 club!
You die...
Yredelemnul claims you as an undead slave.

#......############
##.....# #.....#
#.....# #####.....#
#...#...######
#...#.........
..##..g#Z#.######
...'..g'@.......
####.gg#g#.#.########.#
#####.#<.........#.#
......#.########.#.#
...........#.....#.#
#######.#.#...##.#.###
#.#.#...##.#....
#.#.#...##.#....
#.#.#...........


You could see 4 gnolls, a hobgoblin and a friendly adder zombie.

Vanquished Creatures
  A gnoll (D:1)
  2 adders (D:3)
  A dart slug (D:1)
  An orc (D:3)
  2 ball pythons (D:1)
  4 bats (D:1)
  6 endoplasms
  5 goblins (D:1)
  8 hobgoblins
  3 jackals (D:1)
  7 kobolds
  2 quokkas (D:1)
  A frilled lizard (D:1)
  A rat (D:1)
44 creatures vanquished.

Notes
Turn   | Place    | Note
-------+----------+-------------------------------------------
     0 | D:1      | LynnLen the Vampire Enchanter began the quest for the Orb.
     0 | D:1      | Reached XP level 1. HP: 13/13 MP: 3/3
    74 | D:1      | Reached XP level 2. HP: 9/19 MP: 5/5
   124 | D:1      | Reached skill level 5 in Stealth
   166 | D:1      | Found a faded altar of an unknown god.
   584 | D:1      | Gained mutation: You are afflicted with vampirism and can
                  | become a bat while bloodless. [Vampire growth]
   584 | D:1      | Reached XP level 3. HP: 4/24 MP: 6/6
   668 | D:1      | Learned a level 3 spell: Confusing Touch
   672 | D:1      | Learned a level 3 spell: Tukima's Dance
  1603 | D:3      | Reached XP level 4. HP: 19/30 MP: 7/7
  1848 | D:3      | Found a basalt altar of Yredelemnul.
  1851 | D:3      | Found an ornate altar of the Wu Jian Council.
  1887 | D:3      | Became a worshipper of Yredelemnul the Dark
  2141 | D:3      | Slain by a gnoll

Illustrated notes

Levels and vault maps discovered:
D:1:      minmay_arrival_plants_in_alcoves, layout_rooms,
          hellmonk_ecumenical_altar_lost_god
D:2:      layout_basic, nicolae_figureground_pulse
D:3:      layout_basic, mainiacjoe_overflow_big_doors

Skill      XL: |  1  2  3 |
---------------+----------+-----
Stealth        | 5 |  5.4
Short Blades   | 2 |  2.6
Dodging        | 3 |  3.6
Spellcasting   | |  2.0
Hexes          | |  4.4

Action                   |  1- 3 |  4- 6 || total
-------------------------+-------+-------++-------
Melee: Dagger            |   193 |    11 ||   204
       Bite              |    21 |       ||    21
       Punch             |     3 |       ||     3
 Cast: Confusing Touch   |     1 |     1 ||     2
  Use: Potion            |     1 |       ||     1
       Scroll            |     2 |       ||     2
 Stab: Sleeping          |     3 |     3 ||     6
       Invisible         |     1 |       ||     1
       Distracted        |     1 |       ||     1
Armor: Robe              |     8 |       ||     8
       Leather armour    |    47 |       ||    47
Dodge: Dodged            |   142 |     6 ||   148
